 Dungeon Crawl Stone Soup version 0.24-a0-537-g2d01d4a (webtiles) character file.

Game seed: 9894210410594738848

2394 ChiliFlavouring the Spear-Bearer (level 9, -5/69 HPs)
             Began as a Demonspawn Chaos Knight on Aug 12, 2019.
             Was a Plaything of Xom.
             Killed from afar by an acid dragon (18 damage)
             ... with a splash of acid
             ... on level 8 of the Dungeon.
             The game lasted 00:18:37 (6469 turns).

ChiliFlavouring the Spear-Bearer (DsCK)             Turns: 6469, Time: 00:18:38

Health: -5/69      AC: 13    Str: 16      XL:     9   Next: 22%
Magic:  9/9        EV: 11    Int: 13 (14) God:    Xom [*.....]
Gold:   405        SH:  0    Dex: 10      Spells: 8/8 levels left

rFire    . . .     SeeInvis .   a - +2 spear (chaos)
rCold    . . .     Gourm    .   (no shield)
rNeg     . . .     Faith    .   u - +0 chain mail
rPois    .         Spirit   .   d - +0 helmet
rElec    .         Reflect  .   g - scarf {cloud immunity}
rCorr    .         Harm     .   y - +1 pair of gloves
MR       .....                  (no boots)
Stlth    ..........             t - amulet of the acrobat
HPRegen  0.21/turn              (no ring)
MPRegen  0.11/turn              (no ring)

@: no status effects
A: hooves 1, repulsion field 2, blurry vision 1, clumsy 1, deterioration 1,
powered by pain 2, spiny 1
a: Renounce Religion


You were on level 8 of the Dungeon.
You worshipped Xom.
You were a special plaything of Xom.
You were not hungry.

You visited 1 branch of the dungeon, and saw 8 of its levels.

You collected 405 gold pieces.

Inventory:

Hand Weapons
 a - a +2 spear of chaos (weapon)
Armour
 b - a +2 leather armour
 d - a +0 helmet (worn)
 g - a scarf of cloud immunity (worn)
 u - a +0 chain mail (worn)
 y - a +1 pair of gloves (worn)
Jewellery
 k - an uncursed ring of stealth
 t - an amulet of the acrobat (around neck)
Wands
 f - a wand of flame (7)
 r - a wand of iceblast (2)
 z - a wand of digging (7)
Scrolls
 e - 3 scrolls of remove curse
 i - 3 scrolls of teleportation
 j - 6 scrolls of identify
 s - 2 scrolls of immolation
 w - 3 scrolls of magic mapping
 B - a scroll of blinking {unknown}
Potions
 h - a potion of lignification {unknown}
 l - 3 potions of brilliance {unknown}
 m - 3 potions of flight {unknown}
 n - a potion of cancellation {unknown}
 o - 2 potions of mutation {unknown}
 p - a potion of haste {unknown}
 q - 2 potions of heal wounds {unknown}
 v - a potion of experience {unknown}
 A - 2 potions of curing {unknown}
 C - 2 potions of might
Comestibles
 c - 13 rations
 x - 5 chunks of flesh


   Skills:
 + Level 5.8 Fighting
 + Level 8.0 Polearms
 + Level 4.4 Armour
 + Level 3.4 Dodging
 + Level 5.0 Stealth


You had 8 spell levels left.
You didn't know any spells.
Your spell library was empty.

Dungeon Overview and Level Annotations

Branches:
Dungeon (7/15)
 Temple: D:4-7

Altars:
Dithmenos
Elyvilon
Fedhas
Gozag
Kikubaaqudgha
Qazlal
Ru
Uskayaw
Xom
Yredelemnul
Zin
The Shining One

Shops:
D:4 :   D:5 %


Innate Abilities, Weirdness & Mutations

You have large cloven feet.
You are surrounded by a moderate repulsion field. (EV +3)
You sometimes gain power by taking damage.
You are partially covered in sharp spines.
Scrolls take you a little longer to read.
You are clumsy. (Dex -2)
Your body sometimes deteriorates upon taking damage.


Message History

Your Polearms skill increases to level 8!
Your Stealth skill increases to level 5!
Okay, then.
You hit the komodo dragon but do no damage.
The komodo dragon is poisoned.
The komodo dragon is struck by your spines.
The komodo dragon bites you.
* * * LOW HITPOINT WARNING * * *
You hit the komodo dragon but do no damage.
The komodo dragon is lightly wounded.
You barely miss the komodo dragon. You kick the komodo dragon.
The komodo dragon is moderately wounded.
The komodo dragon is struck by your spines.
The komodo dragon barely misses you.
You hit the komodo dragon. Your kick misses the komodo dragon.
The komodo dragon is moderately wounded.
The acid dragon spits acid at you. The splash of acid hits you!!
You die...
Xom howls with laughter!

###########
##..D.).)..###.#.
#..@l###........#
#._####
###....... ...#
#.##... .## ## .#


You could see a komodo dragon and an acid dragon.

Vanquished Creatures
  2 wyverns (D:8)
  Menkaure (D:7)
  Edmund (D:6)
  A water moccasin (D:5)
  An ice beast (D:6)
  A sky beast (D:5)
  A necrophage (D:6)
  4 ogres
  2 centaurs (D:7)
  A bullfrog (D:7)
  A scorpion (D:4)
  A bullfrog zombie (D:6)
  3 orc priests
  3 hounds
  3 iguanas
  9 worker ants
  A killer bee zombie (D:6)
  Robin (D:4)
  A worker ant zombie (D:6)
  11 adders
  A shadow imp (D:6)
  An ooze (D:3)
  An adder skeleton (D:3)
  3 worms
  3 dart slugs
  4 leopard geckos
  21 orcs
  9 bats
  8 giant cockroaches
  18 goblins
  14 hobgoblins
  13 jackals
  11 kobolds
  2 quokkas
  A ball python (D:4)
  6 frilled lizards
  21 rats
  A plant (D:5)
187 creatures vanquished.

Vanquished Creatures (collateral kills)
  An orc priest (D:6)
1 creature vanquished.

Vanquished Creatures (others)
  A worker ant (D:6)
  An ooze (D:6)
2 creatures vanquished.

Grand Total: 190 creatures vanquished

Notes
Turn   | Place    | Note
-------+----------+-------------------------------------------
     0 | D:1      | ChiliFlavouring the Demonspawn Chaos Knight began the quest
                  | for the Orb.
     0 | D:1      | Reached XP level 1. HP: 18/18 MP: 1/1
    21 | D:1      | Reached skill level 1 in Dodging
    25 | D:1      | Reached skill level 3 in Polearms
    29 | D:1      | XOM: potion effect (brilliance)
    32 | D:1      | Gained mutation: You sometimes gain a little power by
                  | taking damage. [demonic ancestry]
    32 | D:1      | Reached XP level 2. HP: 22/24 MP: 2/2
   176 | D:1      | Gained mutation: You are surrounded by a mild repulsion
                  | field. (EV +2) [demonic ancestry]
   176 | D:1      | Reached XP level 3. HP: 23/29 MP: 3/3
   312 | D:1      | XOM: mild Hex miscast
   906 | D:2      | Found a white marble altar of Elyvilon.
   948 | D:2      | Gained mutation: You are surrounded by a moderate repulsion
                  | field. (EV +3) [demonic ancestry]
   948 | D:2      | Reached XP level 4. HP: 31/37 MP: 4/4
  1147 | D:2      | XOM: give mutations
  1147 | D:2      | Gained mutation: You are clumsy. (Dex -2) [Xom's mischief]
  1147 | D:2      | Gained mutation: Your body sometimes deteriorates upon
                  | taking damage. [Xom's mischief]
  1147 | D:2      | Gained mutation: Scrolls take you a little longer to read.
                  | [Xom's mischief]
  1715 | D:2      | Reached skill level 4 in Polearms
  2050 | D:2      | XOM: silly message
  2448 | D:3      | Reached XP level 5. HP: 41/42 MP: 5/5
  2757 | D:3      | Noticed an ogre
  2765 | D:3      | XOM: confuse monster(s)
  2768 | D:3      | Killed an ogre
  2800 | D:3      | Gained mutation: You are partially covered in sharp spines.
                  | [demonic ancestry]
  2800 | D:3      | Reached XP level 6. HP: 46/48 MP: 6/6
  2837 | D:3      | Found an opulent altar of Gozag.
  2937 | D:3      | XOM: harmless Tloc miscast
  3104 | D:4      | Found a sacrificial altar of Ru.
  3160 | D:4      | Reached skill level 5 in Polearms
  3213 | D:4      | Noticed Robin
  3225 | D:4      | Reached skill level 1 in Stealth
  3254 | D:4      | Killed Robin
  3322 | D:4      | XOM: cloud trail
  3361 | D:4      | XOM: divination: detect items
  3704 | D:4      | Found Zuixyoc's Book Shoppe.
  3848 | D:5      | Entered Level 5 of the Dungeon
  4040 | D:5      | Reached XP level 7. HP: 53/55 MP: 7/7
  4111 | D:5      | XOM: summons 3 friendly demons
  4180 | D:5      | XOM: summons friendly crimson imp
  4272 | D:5      | Found Soipukidgh's Food Shoppe.
  4303 | D:5      | Found a hide-covered altar of Uskayaw.
  4308 | D:5      | Reached skill level 6 in Polearms
  4317 | D:5      | Found a blossoming altar of Fedhas.
  4318 | D:5      | Found a shadowy altar of Dithmenos.
  4323 | D:5      | Found an ancient bone altar of Kikubaaqudgha.
  4323 | D:5      | Found a glowing silver altar of Zin.
  4660 | D:6      | XOM: confuse monster(s)
  4801 | D:6      | XOM: 1-stop teleportation journey
  4911 | D:6      | Reached skill level 5 in Fighting
  4911 | D:6      | Gained mutation: You have large cloven feet. [demonic
                  | ancestry]
  4911 | D:6      | Reached XP level 8. HP: 62/62 MP: 8/8
  4965 | D:6      | XOM: cast spell 'Discord'
  4967 | D:6      | XOM: polymorph orc warrior -> ooze
  5210 | D:6      | XOM: mild Summ miscast
  5340 | D:6      | Found a basalt altar of Yredelemnul.
  5422 | D:6      | XOM: god gift: ration
  5510 | D:6      | Noticed Edmund
  5512 | D:6      | XOM: fog
  5524 | D:6      | Killed Edmund
  5637 | D:6      | XOM: harmless Necr miscast
  5928 | D:6      | XOM: noise
  5981 | D:7      | Found a stormy altar of Qazlal.
  5997 | D:7      | XOM: silly message
  6008 | D:7      | Noticed Menkaure
  6017 | D:7      | Killed Menkaure
  6017 | D:7      | Reached skill level 7 in Polearms
  6097 | D:7      | XOM: mild Erth miscast
  6246 | D:7      | Found a glowing golden altar of the Shining One.
  6246 | D:7      | Found a sacrificial altar of Ru.
  6273 | D:7      | XOM: polymorph scorpion -> centaur
  6274 | D:7      | XOM: enchant monster (bad)
  6323 | D:7      | Gained mutation: You sometimes gain power by taking damage.
                  | [demonic ancestry]
  6323 | D:7      | Reached XP level 9. HP: 63/68 MP: 9/9
  6427 | D:7      | XOM: give mutations
  6427 | D:7      | Gained mutation: Your body often deteriorates upon taking
                  | damage. [Xom's mischief]
  6427 | D:7      | Lost mutation: Your body often deteriorates upon taking
                  | damage. [Xom's mischief]
  6427 | D:7      | Gained mutation: Your body often deteriorates upon taking
                  | damage. [Xom's mischief]
  6427 | D:7      | Lost mutation: Your body often deteriorates upon taking
                  | damage. [Xom's mischief]
  6441 | D:7      | You fall into a shaft and drop 1 floor!
  6444 | D:8      | XOM: scenery: create altars
  6448 | D:8      | Noticed a komodo dragon
  6464 | D:8      | Reached skill level 8 in Polearms
  6464 | D:8      | Reached skill level 5 in Stealth
  6469 | D:8      | Killed from afar by an acid dragon

Levels and vault maps discovered:
D:1:      erik_arrival_orb_chamber, layout_basic, serial_bayou_ford_a,
          minmay_split_cup_large
D:2:      layout_basic, elyvilon_altar_3
D:3:      layout_rooms, nicolae_gozag_seed_capital
D:4:      layout_basic, serial_shops, shop, nicolae_ru_awakened_eye, uniq_robin
D:5:      layout_cave_pools, minmay_overflow_temple_star_hex, first_ration,
          serial_shops, nicolae_shop_trees, kennysheep_pointless_box,
          corexii_shack
D:6:      layout_loops_corners, kennysheep_mini, uniq_edmund
D:7:      layout_cave_pools, grunt_qazlal_clouds,
          nicolae_overflow_hidden_temple, minmay_temple_entry_from_below_a,
          uniq_menkaure, uniq_duvessa
D:8:      wander_kiku_kobolds, layout_basic, erik_lair_dragon, serial_shops,
          shop, nicolae_shop_trees, basic_altar

Skill      XL: |  1  2  3  4  5  6  7  8  9 |
---------------+----------------------------+-----
Dodging        | 1 2 3 |  3.4
Polearms       | 3 4 5 6 7 8 |  8.0
Armour         | 2 3 4 |  4.4
Fighting       | 4 5 |  5.8
Stealth        | 1 3 4 5 |  5.0

Action                   |  1- 3 |  4- 6 |  7- 9 || total
-------------------------+-------+-------+-------++-------
Melee: Spear             |   175 |   293 |   303 ||   771
       Kick              |       |       |    29 ||    29
  Use: Potion            |       |     1 |       ||     1
       Scroll            |       |       |    12 ||    12
 Stab: Confused          |     1 |       |     1 ||     2
       Paralysed         |       |     1 |    12 ||    13
       Petrified         |       |       |     6 ||     6
       Distracted        |       |       |     2 ||     2
       Sleeping          |       |       |     1 ||     1
  Eat: Chunk             |       |    10 |     5 ||    15
       Ration            |       |       |     1 ||     1
Armor: Leather armour    |    51 |    55 |     9 ||   115
       Chain mail        |       |       |    23 ||    23
Dodge: Dodged            |    73 |   172 |    78 ||   323

Table legend:
 A = Non-vault XP
 B = Vault XP
 C = Vault XP percentage of total XP
 D = Non-vault monster count
 E = Vault monster count
 F = Vault count percentage of total count
                 A         B        C        D         E       F
            +---------+---------+-------+---------+---------+-------
      Total |    2600 |     821 |  24.0 |     156 |      32 |  17.0
            +---------+---------+-------+---------+---------+-------
        D:1 |      67 |      18 |  21.2 |      36 |      16 |  30.8
        D:2 |      98 |       0 |   0.0 |      25 |       0 |   0.0
        D:3 |     207 |       0 |   0.0 |      25 |       0 |   0.0
        D:4 |     232 |      36 |  13.4 |      14 |      11 |  44.0
        D:5 |     503 |       2 |   0.4 |      15 |       1 |   6.2
        D:6 |     813 |     158 |  16.3 |      24 |       1 |   4.0
        D:7 |     555 |     172 |  23.7 |      15 |       1 |   6.2
        D:8 |     125 |     435 |  77.7 |       2 |       2 |  50.0
            +---------+---------+-------+---------+---------+-------
